 Dungeon Sprint DCSS version 0.29-a0-362-g5854e031c7 (webtiles) character file.

Game seed: 14644310837268532468

15834 mhtbhm the Ninja (level 12, -9/65 HPs)
             Began as a Spriggan Brigand on Apr 30, 2022.
             Was the Champion of Dithmenos.
             Killed from afar by a fire giant (16 damage)
             ... with a bolt of fire
             ... in the Dungeon (Sprint I: "Red Sonja").
             The game lasted 00:11:37 (2971 turns).

mhtbhm the Ninja (Spriggan Brigand)                 Turns: 2971, Time: 00:11:39

Health: -9/65      AC:  7    Str:  5 (7)  XL:     12   Next: 4%
Magic:  19/22      EV: 24    Int: 10 (12) God:    Dithmenos [******]
Gold:   1976       SH:  5    Dex: 19 (22) Spells: 11/11 levels left

rFire   + . .      SeeInvis +   a - +2 dagger
rCold   . . .      Faith    .   (no shield)
rNeg    . . .      Spirit   .   b - +0 robe "Tuby" {rF+ Stlth+}
rPois   +          Reflect  +   (helmet restricted)
rElec   .          Harm     .   c - +0 cloak
rCorr   .          Rampage  .   (gloves unavailable)
Will    ++...      NoTele   +   (boots unavailable) Stlth **********
                                w - amulet of reflection
HPRegen 0.20/turn               o - +4 ring of protection
MPRegen 0.18/turn               y - ring of poison resistance

@: flying, wreathed by umbra, very quick
A: very small, no large weapons, unfitting armour, see invisible, speed 3
a: Renounce Religion, Shadow Step, Shadow Form


You were in the Dungeon.
You worshipped Dithmenos.
Dithmenos was exalted by your worship.
You visited 1 branch You collected 3463 gold pieces.
You spent 1487 gold pieces at shops.

Inventory:

Hand Weapons
 a - a +2 dagger (weapon)
Missiles
 d - 13 poisoned darts
 e - 8 curare-tipped darts (quivered)
Armour
 b - the +0 robe "Tuby" (worn) {rF+ Stlth+}
   (You bought it in a shop in the Dungeon)

   rF:        It protects you from fire.
   Stlth:     It makes you more stealthy.
 c - a +0 cloak (worn)
Jewellery
 o - a +4 ring of protection (left hand)
 v - a ring of flight
 w - an amulet of reflection (around neck)
 y - a ring of poison resistance (right hand)
Wands
 l - a wand of iceblast (6)
Scrolls
 k - a scroll of identify
 q - a scroll of vulnerability
 r - a scroll of fog {unknown}
 s - a scroll of enchant weapon {unknown}
 t - a scroll of fear {unknown}
Potions
 f - a potion of curing
 i - 2 potions of magic
 m - a potion of degeneration
 z - a potion of brilliance {unknown}
Miscellaneous
 u - a phial of floods


   Skills:
 + Level 8.4 Fighting
 + Level 14.4 Short Blades
 + Level 12.8 Throwing
 + Level 9.1 Dodging
 O Level 27 Stealth
 + Level 1.0 Shields
 * Level 13.1 Invocations
 + Level 3.4 Evocations


You had 11 spell levels left.
You didn't know any spells.
Your spell library contained the following spells:

 Spells                   Type           Power      Damage    Failure   Level
 Foxfire                  Conj/Fire      0%         2x1d4     36%         1
 Slow                     Hex            0%         N/A       36%         1
 Confusing Touch          Hex            0%         N/A       75%         3
 Conjure Flame            Conj/Fire      0%         6-21      75%         3
 Inner Flame              Hex/Fire       0%         N/A       75%         3
 Vampiric Draining        Necr           0%         2d6       75%         3
 Flame Wave               Conj/Fire      0%         2d4       98%         4
 Passage of Golubria      Tloc           0%         N/A       98%         4
 Silence                  Hex/Air        0%         N/A       100%        5
 Lehudib's Crystal Spear  Conj/Erth      0%         10d2      100%        8


Dungeon Overview and Level Annotations

Branches:
Dungeon (1/1)

Altars:
Cheibriados
Dithmenos
Elyvilon
Fedhas
Gozag
Hepliaklqana
Kikubaaqudgha
Makhleb
Nemelex Xobeh
Okawaru
Qazlal
Ru
Sif Muna
Trog
Uskayaw
Vehumet
Wu Jian
Xom
Yredelemnul
Zin
The Shining One
Jiyva
Lugonu

Shops:
D (=**[==**[![(?:[?*


Innate Abilities, Weirdness & Mutations

You are very small and have problems with some larger weapons.
You are too small for most types of armour.
You have supernaturally acute eyesight. (SInv)
You cover ground extremely quickly. (Speed+++)


Message History

Aim: a fire giant, wielding a +0 great sword of flaming (asleep, umbra)
You step into the fire giant's shadow.
The fire giant shouts! x2
The fire giant points at you and mumbles some strange words.
The fireball explodes!
The fireball engulfs you! You resist.
The fireball engulfs the fire giant.
The fire giant resists.
The fire giant shouts!
You block the fire giant's attack.
You hear a roar!
Found the Orb of Zot.
Unknown command.
Okay, then.
The fire giant casts a spell at you.
The fireball explodes!
The fireball engulfs you!! You resist.
The fireball engulfs the fire giant!
The fire giant resists.
As you read the scroll labelled AHIENGY LOSA, it crumbles to dust.
It is a scroll of identify.
q - a scroll of vulnerability
Okay, then.
Okay, then.
Okay, then.
The fire giant casts a spell at you.
The fireball explodes!
The fireball engulfs you!! You resist.
* * * LOW HITPOINT WARNING * * *
You emit a cloud of dark smoke.
Things that are here:
a +2 great sword of flaming; a fire giant corpse Unknown command.
Okay, then.
It was a potion of degeneration.
There was something very wrong with that liquid.
You feel weakened.
You feel dopey.
You feel clumsy. The fire giant completely misses you.
It was a potion of flight.
You feel very buoyant.
You fly up into the air.
The fire giant casts a spell at you.
The bolt of fire hits the fire giant.
The fire giant resists.
The bolt of fire hits you! You resist.
You die...

'###[###.#..##
..###..#'### #§§
...'.∩##.#..# ##. ##...#
##.. ########§##'# #.
###.# #... ....§§##§##.#
.° #.# #... ...§§.§§§####
.. #.# ##.. ''######.#
####'# #.. ÷.....§#§#####
###....# ##.
...§§§#'.#?[$#####§..####
## ...§.§####)..§CC@§§###
# ...§§§##!))...C#####
..§≈§###$[....## ≈≈§###
#(....## ###'####$$$$$#
####∩∩########
∩∩∩∩∩###≈≈≈≈≈≈ ######
####### #..0..+


You could see 3 fire giants.

Vanquished Creatures
  A golden dragon (D)
  A shadow dragon (D)
  A fire giant (D)
  A lorocyproca (D)
  A hydra (D)
  2 centaur warriors (D)
  Sonja (D)
  A deep troll (D)
  A lindwurm (D)
  An oklob plant (D)
  7 unseen horrors (D)
  A gargoyle (D)
  2 kobold demonologists (D)
  4 demonic crawlers (D)
  A hornet (D)
  A meliai (D)
  A slime creature (D)
  Sigmund (D)
  A yak (D)
  13 hogs (D)
  2 redbacks (D)
  3 floating eyes (D)
  An ogre (D)
  7 necrophages (D)
  8 jellies (D)
  Ijyb (D)
  2 ballistomycete spores (D)
67 creatures vanquished.

Notes
Turn   | Place    | Note
-------+----------+-------------------------------------------
     0 | D        | mhtbhm the Spriggan Brigand began the quest for the Orb.
     0 | D        | Reached XP level 1. HP: 10/10 MP: 2/2
     1 | D        | Noticed Ijyb
     7 | D        | Killed Ijyb
     8 | D        | Reached skill level 9 in Stealth
     8 | D        | Reached XP level 2. HP: 7/15 MP: 3/3
   258 | D        | Noticed an ogre
   269 | D        | Killed an ogre
   270 | D        | Reached skill level 13 in Stealth
   270 | D        | Reached XP level 3. HP: 19/19 MP: 4/4
   270 | D        | Reached XP level 4. HP: 23/23 MP: 5/5
   296 | D        | Noticed Sigmund
   299 | D        | Killed Sigmund
   300 | D        | Reached skill level 16 in Stealth
   300 | D        | Reached XP level 5. HP: 28/28 MP: 6/6
   311 | D        | Found an ornate altar of the Wu Jian Council.
   311 | D        | Found a shimmering blue altar of Sif Muna.
   316 | D        | Found a radiant altar of Vehumet.
   329 | D        | Reached skill level 5 in Short Blades
   329 | D        | Reached XP level 6. HP: 15/32 MP: 7/7
   505 | D        | Found Beheomea's Jewellery Emporium.
   505 | D        | Found an ancient bone altar of Kikubaaqudgha.
   505 | D        | Found a hazy altar of Hepliaklqana.
   505 | D        | Found a stormy altar of Qazlal.
   505 | D        | Found a hide-covered altar of Uskayaw.
   505 | D        | Found a blossoming altar of Fedhas.
   505 | D        | Found a bloodstained altar of Trog.
   505 | D        | Found an iron altar of Okawaru.
   505 | D        | Found a basalt altar of Yredelemnul.
   505 | D        | Found a glowing golden altar of the Shining One.
   505 | D        | Found a snail-covered altar of Cheibriados.
   505 | D        | Found a sacrificial altar of Ru.
   505 | D        | Found a glowing silver altar of Zin.
   505 | D        | Found a shadowy altar of Dithmenos.
   505 | D        | Found a white marble altar of Elyvilon.
   505 | D        | Noticed a yak
   506 | D        | Found an opulent altar of Gozag.
   507 | D        | Killed a yak
   508 | D        | Reached skill level 5 in Throwing
   508 | D        | Reached skill level 18 in Stealth
   508 | D        | Found a sparkling altar of Nemelex Xobeh.
   516 | D        | Became a worshipper of Dithmenos the Shadowed
   552 | D        | Found a burning altar of Makhleb.
   552 | D        | Found a viscous altar of Jiyva.
   552 | D        | Found a shimmering altar of Xom.
   552 | D        | Found a corrupted altar of Lugonu.
   552 | D        | Noticed a slime creature
   555 | D        | Killed a slime creature
   556 | D        | Reached skill level 19 in Stealth
   556 | D        | Reached XP level 7. HP: 37/37 MP: 8/8
   580 | D        | Noticed Sonja
   584 | D        | Killed Sonja
   585 | D        | Reached skill level 22 in Stealth
   585 | D        | Reached XP level 8. HP: 42/42 MP: 9/9
   603 | D        | Found Nasuoh's Weapon Boutique.
   623 | D        | Noticed a deep troll
   649 | D        | Killed a deep troll
   649 | D        | Reached * piety under Dithmenos
   650 | D        | Reached skill level 23 in Stealth
   675 | D        | Found Ishrailo's Armour Emporium.
   691 | D        | Bought a +1 robe of fire resistance for 165 gold pieces
   778 | D        | Noticed a kobold demonologist
   779 | D        | Noticed a kobold demonologist
   782 | D        | Reached skill level 1 in Invocations
   783 | D        | Killed a kobold demonologist
   784 | D        | Reached skill level 24 in Stealth
   784 | D        | Reached XP level 9. HP: 46/46 MP: 9/11
   784 | D        | Killed a kobold demonologist
   784 | D        | Reached ** piety under Dithmenos
   785 | D        | Reached skill level 5 in Fighting
   829 | D        | Noticed a centaur warrior
   830 | D        | Noticed a centaur warrior
   832 | D        | Killed a centaur warrior
   833 | D        | Reached skill level 25 in Stealth
   833 | D        | Killed a centaur warrior
   834 | D        | Reached skill level 26 in Stealth
   834 | D        | Reached skill level 5 in Invocations
   859 | D        | Noticed an oklob plant
   861 | D        | Killed an oklob plant
   861 | D        | Reached *** piety under Dithmenos
   862 | D        | Reached XP level 10. HP: 51/51 MP: 15/15
   874 | D        | Reached skill level 27 in Stealth
   988 | D        | Reached **** piety under Dithmenos
   989 | D        | Reached skill level 10 in Short Blades
  1034 | D        | Reached ***** piety under Dithmenos
  1382 | D        | Found Rutoefau's Assorted Antiques.
  1387 | D        | Found Eteel's Armour Boutique.
  1611 | D        | Reached ****** piety under Dithmenos
  1612 | D        | Reached skill level 10 in Throwing
  1612 | D        | Reached skill level 1 in Evocations
  1631 | D        | Found Xoyri's General Store.
  1633 | D        | Found Ilix's Jewellery Emporium.
  1633 | D        | Found Rerieq's Jewellery Shop.
  1633 | D        | Found Watujo's General Store.
  1633 | D        | Found Miyr's Assorted Antiques.
  1633 | D        | Found Sifeoxe Ynie's Antique Armour Emporium.
  1633 | D        | Found Pyesacli's Distillery.
  1633 | D        | Found Ysteruk's Armour Shoppe.
  1640 | D        | Found Ozysaopn's Weapon Boutique.
  1641 | D        | Found Turos's Book Emporium.
  1641 | D        | Found Lucutsekh's Magic Scroll Boutique.
  1642 | D        | Found Exelocy's Magic Scroll Emporium.
  1653 | D        | Bought a scroll of acquirement for 572 gold pieces
  1673 | D        | Bought the +0 robe "Tuby" {rF+ Stlth+} for 210 gold pieces
  1688 | D        | Bought an amulet of reflection for 300 gold pieces
  1695 | D        | Acquired a ring of flight
  1784 | D        | Noticed a lindwurm
  1786 | D        | Killed a lindwurm
  1803 | D        | Reached XP level 11. HP: 58/58 MP: 19/19
  1805 | D        | Reached skill level 10 in Invocations
  1806 | D        | Reached skill level 5 in Dodging
  1821 | D        | Noticed a 12-headed hydra
  1823 | D        | Killed a 12-headed hydra
  1888 | D        | Noticed a shadow dragon
  1888 | D        | Noticed a golden dragon
  1893 | D        | Killed a shadow dragon
  1895 | D        | Killed a golden dragon
  1956 | D        | Found Sanamm's Assorted Antiques.
  2049 | D        | Bought a ring of poison resistance for 240 gold pieces
  2089 | D        | Noticed a lorocyproca
  2095 | D        | Killed a lorocyproca
  2331 | D        | Noticed a daeva
  2815 | D        | Noticed a fire giant
  2816 | D        | Noticed a fire giant
  2816 | D        | Noticed a fire giant
  2816 | D        | Noticed a fire giant
  2817 | D        | Killed a fire giant
  2818 | D        | Reached skill level 1 in Shields
  2818 | D        | Reached XP level 12. HP: 44/65 MP: 17/22
  2971 | D        | Killed from afar by a fire giant

Illustrated notes

Levels and vault maps discovered:
D:        dungeon_sprint_1 [red_sonja_temple_1, red_sonja_temple_small_1]

Skill      XL: |  1  2  3  4  5  6  7  8  9 10 11 |
---------------+----------------------------------+-----
Fighting       | 2 3 4 5 6 8 |  8.4
Short Blades   | 3 4 5 6 7 8 9 11 14 | 14.4
Stealth        | 9 13 16 19 22 24 26 27 | 27.0
Throwing       | 3 4 5 6 7 8 10 12 | 12.8
Dodging        | 2 3 4 9 |  9.1
Invocations    | 2 5 9 13 | 13.1
Evocations     | 1 3 |  3.4
Shields        | 1 |  1.0

Action                   |  1- 3 |  4- 6 |  7- 9 | 10-12 || total
-------------------------+-------+-------+-------+-------++-------
Melee: Dagger            |     1 |    10 |     9 |   167 ||   187
Throw: Dart              |     5 |       |     7 |     8 ||    20
Invok: Shadow Step       |       |       |       |     2 ||     2
Evoke: Wand              |       |       |     1 |     2 ||     3
  Use: Scroll            |       |       |     1 |     3 ||     4
       Potion            |       |       |       |    10 ||    10
 Stab: Sleeping          |     1 |     3 |     8 |    39 ||    51
       Distracted        |       |       |       |     2 ||     2
Armor: Robe              |       |     1 |       |    17 ||    18
Dodge: Dodged            |       |     3 |       |    97 ||   100
Block: Other             |       |       |       |    16 ||    16

Table legend: (Time is in decaauts)
 A = Elapsed time spent in this place.
 B = Non-inter-level travel time spent in this place.
 C = Inter-level travel time spent in this place.
 D = Time resting spent in this place.
 E = Time spent auto-exploring this place.
 F = Levels seen in this place.
 G = Mean time per level.
                   A        B        C        D        E       F      G
               +--------+--------+--------+--------+--------+-----+--------+
         Total |   2415 |   2415 |      0 |   1339 |      7 |   1 | 2415.0 |
       Dungeon |   2415 |   2415 |      0 |   1339 |      7 |   1 | 2415.0 |
               +--------+--------+--------+--------+--------+-----+--------+

Top non-repeatable levels by time:
       D: 2415 daAuts
